 Dungeon Crawl Stone Soup version bcrawl-1.19.1 (webtiles) character file.

Game seed: 10819970710323529936

85 Revguard the Ducker (level 4, -1/32 HPs)
             Began as a Demonspawn Archaeologist on Dec 5, 2019.
             Slain by a river rat (7 damage)
             ... on level 3 of the Dungeon.
             The game lasted 00:05:57 (2537 turns).

Revguard the Ducker (Demonspawn Archaeologist)      Turns: 2537, Time: 00:05:57

Health: -1/32      AC:  6    Str: 11    XL:     4   Next: 25%
Magic:  5/5        EV: 14    Int: 15    God:
Gold:   178        SH:  0    Dex: 15    Spells: 5/5 levels left

rFire    . . .     SeeInvis .   l - +0 quarterstaff
rCold    . . .     Gourm    .   (shield currently unavailable)
rNeg     . . .     Faith    .   b - +1 robe
rPois    .         Spirit   .   c - +1 hat
rElec    .         Reflect  .   (no cloak)
rCorr    .         Harm     .   (no gloves)
MR       .....                  d - +1 pair of boots
Stlth    ++++......             (no amulet)
HPRegen  0.10/turn              (no ring)
MPRegen  0.09/turn              (no ring)

@: studying Spellcasting
A: claws 1, thin skeletal structure 1, nightstalker 1
a: no special abilities


You were on level 3 of the Dungeon.
You were hungry.

You visited 1 branch of the dungeon, and saw 3 of its levels.

You collected 178 gold pieces.

Inventory:

Hand Weapons
 l - a +0 quarterstaff (weapon)
Armour
 b - a +1 robe (worn)
 c - a +1 hat (worn)
 d - a +1 pair of boots (worn)
Scrolls
 h - a scroll of magic mapping {unknown}
 j - a scroll of amnesia {unknown}
 k - 4 scrolls of identify {unknown}
 o - a scroll of blinking {unknown}
 p - a scroll of enchant armour {unknown}
 s - a scroll of remove curse {unknown}
 u - a scroll of teleportation {unknown}
Potions
 a - a potion of invisibility {unknown}
 i - 2 potions of heal wounds {unknown}
 m - a potion of flight {unknown}
 n - a potion of brilliance {unknown}
 q - a potion of might {unknown}
 r - a potion of mutation {unknown}
 t - 2 potions of lignification {unknown}
Books
 e - a manual of Spellcasting
Miscellaneous
 f - an ancient crate
Comestibles
 g - 4 rations {!d}
 v - 6 chunks of flesh


   Skills:
 + Level 1.2 Fighting
   Level 0.8(0.9) Maces & Flails
 + Level 0.3(0.6) Staves
 * Level 1.4 Armour
 + Level 3.4 Dodging
 + Level 3.1 Stealth
 - Level 0.5 Unarmed Combat
 * Level 1.1 Spellcasting
 * Level 1.3 Evocations


You had 5 spell levels left.
You didn't know any spells.
Your spell library was empty.

Dungeon Overview and Level Annotations

Branches:
Dungeon (3/12)

Altars:
Kikubaaqudgha


Innate Abilities, Weirdness & Mutations

You have sharp fingernails.
You have a somewhat thin skeletal structure. (Dex +2, Stealth)
You are slightly more attuned to the shadows.


Message History

The river rat is almost dead.
The river rat bites you.
* * * LOW HITPOINT WARNING * * *
You hit the river rat but do no damage.
The river rat is almost dead.
The river rat misses you.
You barely miss the river rat.
The river rat is almost dead.
The river rat bites you but does no damage. x2
You barely miss the river rat.
The river rat is severely wounded.
The river rat closely misses you.
You hit the river rat but do no damage.
The river rat is severely wounded.
The river rat bites you.
* * * LOW HITPOINT WARNING * * *
You completely miss the river rat.
The river rat is severely wounded.
The river rat barely misses you. The river rat bites you!
You die...

###### #.≈.≈# #.≈.≈+
#########.≈.≈#
......@rr...≈##+##
##################[..≈≈≈≈≈≈#
..>....#..............≈≈.≈.#
.......#.#########......≈≈≈#
...##..#.# ##........#
.....(.#.# .......####
#####.##.# .#####.##
.........# # .# .####<######
.#


You could see a river rat and a rat.

Vanquished Creatures
  An adder (D:3)
  A river rat (D:3)
  2 oozes (D:1)
  2 dart slugs (D:1)
  3 leopard geckos
  An orc (D:3)
  9 bats
  A giant cockroach (D:3)
  3 goblins
  4 hobgoblins
  9 jackals (D:2)
  7 kobolds
  3 frilled lizards
  2 rats
48 creatures vanquished.

Notes
Turn   | Place    | Note
-------+----------+-------------------------------------------
     0 | D:1      | Revguard the Demonspawn Archaeologist began the quest for
                  | the Orb.
     0 | D:1      | Reached XP level 1. HP: 15/15 MP: 1/1
   112 | D:1      | Gained mutation: You have sharp fingernails. [demonic
                  | ancestry]
   112 | D:1      | Reached XP level 2. HP: 19/21 MP: 2/2
   767 | D:1      | Reached skill level 1 in Armour
   808 | D:1      | Gained mutation: You are slightly more attuned to the
                  | shadows. [demonic ancestry]
   808 | D:1      | Reached XP level 3. HP: 26/26 MP: 3/3
  1479 | D:2      | Reached skill level 1 in Evocations
  1995 | D:2      | Reached skill level 1 in Spellcasting
  2145 | D:2      | Found an ancient bone altar of Kikubaaqudgha.
  2405 | D:3      | Found a faded altar of an unknown god.
  2427 | D:3      | Gained mutation: You have a somewhat thin skeletal
                  | structure. (Dex +2, Stealth) [demonic ancestry]
  2427 | D:3      | Reached XP level 4. HP: 26/32 MP: 5/5
  2537 | D:3      | Slain by a river rat

Skill      XL: |  1  2  3 |
---------------+----------+-----
Dodging        | 3 |  3.4
Armour         | 1 |  1.4
Evocations     | 1 |  1.3
Spellcasting   | 1 |  1.1
Fighting       | |  1.2
Maces & Flails | |  0.8
Staves         | |  0.3
Stealth        | |  3.1
Unarmed Combat | |  0.5

Action                   |  1- 3 |  4- 6 || total
-------------------------+-------+-------++-------
Melee: Whip              |    41 |       ||    41
       Unarmed           |   194 |       ||   194
       Quarterstaff      |    13 |    27 ||    40
 Stab: Sleeping          |     7 |       ||     7
       Distracted        |     1 |       ||     1
  Eat: Chunk             |     5 |       ||     5
Armor: Robe              |   111 |    14 ||   125
Dodge: Dodged            |   233 |    32 ||   265
